[Event "Titled Tuesday Blitz February 22 Early 2022"]
[White "Aaditya Dhingra"]
[Black "Demchenko, Anton"]
[WhiteFideId "25678191"]
[BlackFideId "4160258"]
[WhiteElo "1789"]
[BlackElo "2539"]
[Result "0-1"]
[Round "01"]
[TimeControl "180+1"]
[Date "2022.02.22"]
[WhiteClock "0:00:02"]
[BlackClock "0:00:22"]

1. e4 e5 2. Nf3 Nc6 3. Bb5 a6 4. Bxc6 dxc6 5. O-O Qf6 6. d4 exd4 7. Bg5 Qd6 8. e5 Qg6 9. Qxd4 Be7 10. Bxe7 Nxe7 11. Nc3 b6 12. a4 O-O 13. Rac1 c5 14. Qf4 Qg4 15. Qxg4 Bxg4 16. Nd2 Rad8 17. Nc4 Be6 18. Ne3 Nc6 19. f4 Rfe8 20. Rfd1 Rd4 21. g3 g5 22. f5 Bc8 23. Ned5 Rxe5 24. Nxc7 Bxf5 25. Nxa6 h5 26. b3 h4 27. Nb5 Rg4 28. Kf2 hxg3+ 29. hxg3 Bc8 30. Nac7 Rf5+ 31. Kg2 Ne5 32. Nd6 Rf3 33. Nxc8 Rgxg3+ 34. Kh2 Ng4+ 35. Kh1 Rf2 36. Rd8+ Kh7 37. Ne7 Rh2# 0-1


[Site "https://www.chess.com"]

[Event "Titled Tuesday Blitz February 22 Early 2022"]
[White "Abdisalimov, Abdimalik"]
[Black "Urquhart, Ed"]
[WhiteFideId "14206323"]
[BlackFideId "2603748"]
[WhiteElo "2401"]
[BlackElo "2184"]
[Result "1-0"]
[Round "01"]
[TimeControl "180+1"]
[Date "2022.02.22"]
[WhiteClock "0:02:22"]
[BlackClock "0:00:43"]

1. d4 Nf6 2. c4 e6 3. Nc3 Bb4 4. e3 d5 5. Ne2 O-O 6. a3 Be7 7. cxd5 exd5 8. Nf4 c6 9. Bd3 Bg4 10. f3 Bh5 11. Nxh5 Nxh5 12. O-O Nd7 13. e4 Nb6 14. e5 g6 15. f4 Ng7 16. f5 Bg5 17. f6 Bxc1 18. Qxc1 Ne6 19. Ne2 Kh8 20. Rf3 c5 21. Rh3 g5 22. Rxh7+ Kg8 23. Rh5 1-0


[Site "https://www.chess.com"]

[Event "Titled Tuesday Blitz February 22 Early 2022"]
[White "Abdrlauf, Elham"]
[Black "Guliev, Logman"]
[WhiteFideId "1533533"]
[BlackFideId "13400061"]
[WhiteElo "2334"]
[BlackElo "2128"]
[Result "0-1"]
[Round "01"]
[TimeControl "180+1"]
[Date "2022.02.22"]
[WhiteClock "0:00:13"]
[BlackClock "0:00:03"]

1. e4 c5 2. Nf3 d6 3. d4 cxd4 4. Nxd4 Nf6 5. Nc3 Nc6 6. Bc4 Qb6 7. Nb3 e6 8. Bf4 Ne5 9. Be2 Be7 10. g4 O-O 11. g5 Nfd7 12. h4 a5 13. Be3 Qc7 14. Nd4 Nc4 15. Bxc4 Qxc4 16. Qe2 Ne5 17. f4 Qxe2+ 18. Kxe2 Nc4 19. Bc1 Bd7 20. h5 Rfc8 21. b3 Ne5 22. Bd2 Nc6 23. Nxc6 Bxc6 24. a4 d5 25. exd5 exd5 26. Rhc1 Re8 27. Kf1 Bb4 28. Rd1 Rac8 29. Nb5 Bxb5+ 30. axb5 Rxc2 31. Bxb4 axb4 32. Rxd5 h6 33. g6 fxg6 34. hxg6 Rc3 35. Re1 Rf8 36. Re4 Rxb3 37. Rd7 Rg3 38. Rd6 b3 39. Rb4 Rf3+ 40. Ke2 R8xf4 41. Rd8+ Rf8 42. Rxf8+ Rxf8 43. Rxb3 Rf6 44. Kd3 Rf3+ 45. Kc4 Rxb3 46. Kxb3 Kf8 47. Kc4 h5 48. Kc5 h4 49. Kb6 h3 50. Kxb7 h2 51. b6 h1=Q+ 52. Ka7 Qa1+ 53. Kb8 Qe5+ 54. Kb7 Qe4+ 55. Ka7 Qxg6 56. Kb7 Qd6 57. Ka7 Qc6 58. Ka6 Ke7 59. Ka7 Kd7 60. b7 Qc7 61. Ka8 Qa5+ 62. Kb8 Kc6 63. Kc8 Qc7# 0-1


[Site "https://www.chess.com"]

[Event "Titled Tuesday Blitz February 22 Early 2022"]
[White "Abdyzhapar, Asylbek"]
[Black "Zavivaeva, Emilia"]
[WhiteFideId "13800337"]
[BlackFideId "34127531"]
[WhiteElo "2331"]
[BlackElo "1685"]
[Result "0-1"]
[Round "01"]
[TimeControl "180+1"]
[Date "2022.02.22"]
[WhiteClock "0:02:00"]
[BlackClock "0:00:37"]

1. c4 e6 2. g3 d5 3. Bg2 Nf6 4. Nf3 Be7 5. O-O O-O 6. b3 b6 7. Bb2 Bb7 8. e3 Nbd7 9. Nc3 c5 10. cxd5 Nxd5 11. Nxd5 exd5 12. d4 Nf6 13. Rc1 Rc8 14. Rc2 Ne4 15. Qa1 Bf6 16. Rd1 cxd4 17. Rxc8 Qxc8 18. Nxd4 a5 19. a4 Qd7 20. Nb5 Bxb2 21. Qxb2 Qe6 22. Qd4 h6 23. Nc7 Qf5 24. Bxe4 dxe4 25. Qxb6 Bc8 26. Qb5 Qf3 27. Qf1 Bh3 28. Qxh3 Qxd1+ 29. Kg2 Qxb3 30. Qd7 Rb8 31. Nd5 Qd3 32. Ne7+ Kh8 33. Qf5 Qb3 34. Qxe4 Qb7 35. Kf3 Qxe4+ 36. Kxe4 Re8 0-1


[Site "https://www.chess.com"]

[Event "Titled Tuesday Blitz February 22 Early 2022"]
[White "Agibileg, Uurtsaikh"]
[Black "Thomas, Anysia"]
[WhiteFideId "4901606"]
[BlackFideId "670472"]
[WhiteElo "2205"]
[BlackElo "2002"]
[Result "1/2-1/2"]
[Round "01"]
[TimeControl "180+1"]
[Date "2022.02.22"]
[WhiteClock "0:00:14"]
[BlackClock "0:00:19"]

1. d4 Nf6 2. c4 g6 3. Nc3 d5 4. cxd5 Nxd5 5. e4 Nxc3 6. bxc3 Bg7 7. Nf3 c5 8. Bb5+ Nd7 9. O-O O-O 10. Be3 Nf6 11. Bd3 a6 12. h3 b5 13. a4 Bb7 14. axb5 axb5 15. e5 Nd5 16. dxc5 Nxc3 17. Qc2 Bxf3 18. gxf3 Bxe5 19. Kg2 Rxa1 20. Rxa1 Nd5 21. Rd1 e6 22. Bh6 Re8 23. Bxb5 Qh4 24. Bxe8 Qxh6 25. Rxd5 exd5 26. c6 Qf4 27. Bd7 Qh2+ 28. Kf1 Qf4 29. Qd3 Qc1+ 30. Kg2 Qg5+ 31. Kf1 Qc1+ 32. Ke2 Qb2+ 33. Kf1 Qc1+ 1/2-1/2


[Site "https://www.chess.com"]

[Event "Titled Tuesday Blitz February 22 Early 2022"]
[White "Al Hosani, Omran"]
[Black "Quirke, Jeffrey"]
[WhiteFideId "9308733"]
[BlackFideId "2013029"]
[WhiteElo "2246"]
[BlackElo "2194"]
[Result "0-1"]
[Round "01"]
[TimeControl "180+1"]
[Date "2022.02.22"]
[WhiteClock "0:00:14"]
[BlackClock "0:00:55"]

1. Nf3 Nf6 2. g3 d5 3. Bg2 e6 4. d3 c5 5. Nbd2 Nc6 6. e4 Be7 7. O-O Qc7 8. Re1 O-O 9. e5 Nd7 10. Nf1 Ndxe5 11. Nxe5 Nxe5 12. Bf4 Bd6 13. c4 d4 14. b4 Ng6 15. Bxd6 Qxd6 16. bxc5 Qxc5 17. Rb1 Rb8 18. Rb5 Qc7 19. h4 h6 20. Be4 Ne7 21. Nh2 b6 22. Qh5 Bb7 23. Ng4 Bxe4 24. dxe4 Kh7 25. Rg5 Ng8 26. Re5 g6 27. Nf6+ Nxf6 28. Qf3 Qxe5 0-1


[Site "https://www.chess.com"]

[Event "Titled Tuesday Blitz February 22 Early 2022"]
[White "Al-Tarboush, Ward"]
[Black "Martirosyan, Haik M."]
[WhiteFideId "7601450"]
[BlackFideId "13306553"]
[WhiteElo "2276"]
[BlackElo "2735"]
[Result "1-0"]
[Round "01"]
[TimeControl "180+1"]
[Date "2022.02.22"]
[WhiteClock "0:00:34"]
[BlackClock "0:00:31"]

1. e4 e6 2. d4 d5 3. exd5 exd5 4. Bd3 Bd6 5. Nc3 Ne7 6. Nb5 Bb4+ 7. c3 Ba5 8. b4 Bb6 9. a4 a6 10. Na3 a5 11. b5 O-O 12. Ne2 c6 13. Nc2 Bf5 14. O-O Nd7 15. Ba3 Re8 16. Bxe7 Bxd3 17. Bxd8 Bxe2 18. Qd2 Bxf1 19. Bxb6 Bxg2 20. Kxg2 Nxb6 21. Ne3 Re6 22. bxc6 bxc6 23. Rb1 Nc8 24. f3 Nd6 25. Kf2 Rae8 26. Rg1 Rf6 27. Qd3 h5 28. h4 g6 29. Rb1 Rfe6 30. Ng2 Rf6 31. Kg1 Nc4 32. Rb7 Kg7 33. Rc7 Rb8 34. Qe2 Kg8 35. Qe7 Rxf3 36. Rb7 Rf8 37. Ne1 Rxc3 38. Kf2 Ra3 39. Nf3 Ra2+ 40. Kg3 Ra3 41. Kf4 Rxa4 42. Ng5 Ra1 43. Kg3 Rf1 44. Ne6 Rc8 45. Nd8 Ne3 46. Qe8+ Kh7 47. Rxf7+ Rxf7 48. Qxf7+ Kh6 49. Qf8+ Kh7 50. Qe7+ Kh8 51. Qe5+ Kh7 52. Qxe3 1-0


[Site "https://www.chess.com"]

[Event "Titled Tuesday Blitz February 22 Early 2022"]
[White "Ambartsumova, Karina"]
[Black "Fajdetic, Hrvoje"]
[WhiteFideId "4166299"]
[BlackFideId "14501945"]
[WhiteElo "2262"]
[BlackElo "2140"]
[Result "0-1"]
[Round "01"]
[TimeControl "180+1"]
[Date "2022.02.22"]
[WhiteClock "0:00:04"]
[BlackClock "0:00:47"]

1. c4 f5 2. Nf3 Nf6 3. g3 d6 4. d4 e6 5. Bg2 Be7 6. O-O O-O 7. Nc3 Ne4 8. Nd2 Nxc3 9. bxc3 Bf6 10. e4 e5 11. Nb3 Nc6 12. exf5 Bxf5 13. Be3 Qd7 14. c5 Bh3 15. cxd6 Bxg2 16. Kxg2 cxd6 17. Qh5 g6 18. Qf3 Rae8 19. Rad1 e4 20. Qe2 d5 21. c4 Ne7 22. Nc5 Qc8 23. cxd5 Nxd5 24. Qc4 Qc6 25. Qb3 b6 26. Na6 Kg7 27. Rc1 Qb7 28. Nb4 Nxe3+ 29. Qxe3 h6 30. Nc6 Bg5 31. Qc3 Bxc1 32. Rxc1 e3 33. fxe3 Rf6 34. d5 Rf8 35. Qd4 Kh7 36. Rc2 Qa6 37. Qc4 Rf2+ 38. Kh3 Qc8+ 0-1


[Site "https://www.chess.com"]

[Event "Titled Tuesday Blitz February 22 Early 2022"]
[White "Andreikin, Dmitry"]
[Black "Krutko, Anatoly"]
[WhiteFideId "4158814"]
[BlackFideId "4185862"]
[WhiteElo "2736"]
[BlackElo "2378"]
[Result "1-0"]
[Round "01"]
[TimeControl "180+1"]
[Date "2022.02.22"]
[WhiteClock "0:01:57"]
[BlackClock "0:01:39"]

1. d4 Nf6 2. c4 g6 3. Nc3 Bg7 4. e4 d6 5. Be2 O-O 6. Be3 Na6 7. h3 c5 8. d5 e6 9. Nf3 exd5 10. exd5 Re8 11. O-O Ne4 12. Nxe4 Rxe4 13. Qd2 Nc7 14. Bd3 Re8 15. Rae1 Bd7 16. Bg5 Qc8 17. Be7 Rxe7 18. Rxe7 b5 19. Qf4 f5 20. Qxd6 bxc4 21. Bxc4 1-0


[Site "https://www.chess.com"]

[Event "Titled Tuesday Blitz February 22 Early 2022"]
[White "Aradhya, Garg"]
[Black "Namitbir Singh Walia"]
[WhiteFideId "25006746"]
[BlackFideId "35071068"]
[WhiteElo "2169"]
[BlackElo "1479"]
[Result "1-0"]
[Round "01"]
[TimeControl "180+1"]
[Date "2022.02.22"]
[WhiteClock "0:00:40"]
[BlackClock "0:00:05"]

1. d4 d5 2. Nf3 Nf6 3. c3 c5 4. e3 Nc6 5. dxc5 a5 6. Bb5 e6 7. b4 Bd7 8. O-O axb4 9. Bxc6 Bxc6 10. cxb4 b6 11. Nc3 bxc5 12. b5 Bb7 13. a4 Bd6 14. Ba3 O-O 15. Ne2 Ne4 16. Bb2 Be7 17. Qc2 Bf6 18. Rfd1 Qb6 19. Ne5 Rfd8 20. Ng3 Nxg3 21. hxg3 Qc7 22. Nd3 Bxb2 23. Qxb2 Rdc8 24. b6 Qc6 25. a5 d4 26. f3 Qd6 27. exd4 Qxg3 28. Nxc5 Bxf3 29. Rd3 Rxa5 30. Rxf3 Rxa1+ 31. Qxa1 Qh4 32. b7 Rb8 33. Nd7 1-0


[Site "https://www.chess.com"]

[Event "Titled Tuesday Blitz February 22 Early 2022"]
[White "Ardila, Oscar Humberto"]
[Black "De Verdier, Michael"]
[WhiteFideId "4404742"]
[BlackFideId "1710516"]
[WhiteElo "1898"]
[BlackElo "2301"]
[Result "1-0"]
[Round "01"]
[TimeControl "180+1"]
[Date "2022.02.22"]
[WhiteClock "0:00:34"]
[BlackClock "0:00:05"]

1. d4 Nf6 2. c4 d6 3. Nc3 e5 4. d5 Bf5 5. Bg5 Be7 6. e3 Nbd7 7. Nge2 h6 8. Bh4 Nxd5 9. Qxd5 Bxh4 10. Qxb7 O-O 11. Qf3 Be6 12. b3 Nc5 13. Rd1 f5 14. Qc6 Rb8 15. Nd5 Rf7 16. Nec3 f4 17. g3 fxe3 18. Nxe3 Bg5 19. Bg2 Qf8 20. O-O Rxf2 21. Bd5 Bxe3 22. Rxf2 Qxf2+ 23. Kh1 Bxd5+ 24. Qxd5+ Qf7 25. b4 Rxb4 26. Qa8+ Qf8 27. Qd5+ Kh8 28. Qg2 e4 29. Nd5 Bg5 30. Nxb4 Qf3 31. Rf1 Qxg2+ 32. Kxg2 Nd3 33. Rf8+ Kh7 34. Nxd3 exd3 35. Kf3 d2 36. Ke2 Kg6 37. Ra8 Be3 38. Rc8 Kf5 39. Rxc7 g5 40. Rd7 Ke6 41. Rh7 g4 42. a4 Ke5 43. Re7+ 1-0


[Site "https://www.chess.com"]

[Event "Titled Tuesday Blitz February 22 Early 2022"]
[White "Assaubayeva, Bibisara"]
[Black "Goldin, Roman"]
[WhiteFideId "13708694"]
[BlackFideId "2803860"]
[WhiteElo "2404"]
[BlackElo "2312"]
[Result "1-0"]
[Round "01"]
[TimeControl "180+1"]
[Date "2022.02.22"]
[WhiteClock "0:01:08"]
[BlackClock "0:00:12"]

1. d4 Nf6 2. c4 Nc6 3. Nf3 e6 4. a3 g6 5. Nc3 d5 6. Bf4 Bg7 7. e3 O-O 8. h3 a6 9. Rc1 Ne7 10. Be2 dxc4 11. Bxc4 Ned5 12. Be5 Nxc3 13. bxc3 Ne4 14. O-O b5 15. Bd3 Bb7 16. c4 bxc4 17. Rxc4 Bxe5 18. Nxe5 f6 19. Nc6 Bxc6 20. Rxc6 Nd6 21. Qc2 Ra7 22. Rc1 Rf7 23. Bxa6 Qa8 24. Qd3 Rf8 25. a4 Rb8 26. Bb5 Nxb5 27. axb5 Ra2 28. Rxc7 Qa4 29. Qe4 1-0


[Site "https://www.chess.com"]

[Event "Titled Tuesday Blitz February 22 Early 2022"]
[White "Atakishiyev, Elmar"]
[Black "Melaugh, Shane"]
[WhiteFideId "13410547"]
[BlackFideId "2509580"]
[WhiteElo "2087"]
[BlackElo "2000"]
[Result "1-0"]
[Round "01"]
[TimeControl "180+1"]
[Date "2022.02.22"]
[WhiteClock "0:01:03"]
[BlackClock "0:00:35"]

1. Nf3 Nc6 2. g3 e5 3. Bg2 f5 4. O-O Nf6 5. d4 d6 6. c4 Be7 7. Nc3 O-O 8. Bg5 Qe8 9. Bxf6 Bxf6 10. Nd5 Bd8 11. dxe5 dxe5 12. Qb3 e4 13. Nd2 Nd4 14. Qd1 c6 15. Nc3 Ne6 16. Nb3 a5 17. Na4 Qh5 18. e3 Qf7 19. Qc2 b5 20. cxb5 cxb5 21. Nc3 Ba6 22. Rfd1 Rc8 23. Qd2 b4 24. Nd5 Bd3 25. Rac1 Bg5 26. Nxa5 Nc5 27. Nxb4 Qa7 28. Nac6 Qb6 29. Qc3 Na4 30. Qb3+ 1-0


[Site "https://www.chess.com"]

[Event "Titled Tuesday Blitz February 22 Early 2022"]
[White "Bachmann, Axel"]
[Black "Federzoni, Enzo"]
[WhiteFideId "3700488"]
[BlackFideId "2173301"]
[WhiteElo "2642"]
[BlackElo "1956"]
[Result "1-0"]
[Round "01"]
[TimeControl "180+1"]
[Date "2022.02.22"]
[WhiteClock "0:01:08"]
[BlackClock "0:01:48"]

1. d4 Nf6 2. c4 g6 3. Nc3 Bg7 4. e4 d6 5. h3 O-O 6. Be3 e5 7. d5 Na6 8. g4 Nc5 9. f3 a5 10. Nge2 c6 11. Qd2 cxd5 12. cxd5 Ne8 13. h4 f5 14. gxf5 gxf5 15. O-O-O f4 16. Bxc5 dxc5 17. d6 Be6 18. Bh3 Bxh3 19. Rxh3 Qd7 20. Rh2 Rf6 21. Qd5+ Kh8 22. Qxc5 Rxd6 23. Rxd6 Nxd6 24. Qd5 Qc7 25. Rg2 b5 26. Qxa8+ 1-0


[Site "https://www.chess.com"]

[Event "Titled Tuesday Blitz February 22 Early 2022"]
[White "Baker, Chris W"]
[Black "Barp, Alberto"]
[WhiteFideId "401676"]
[BlackFideId "872555"]
[WhiteElo "2206"]
[BlackElo "2229"]
[Result "0-1"]
[Round "01"]
[TimeControl "180+1"]
[Date "2022.02.22"]
[WhiteClock "0:01:25"]
[BlackClock "0:01:25"]

1. c4 c5 2. Nf3 Nc6 3. g3 e5 4. Nc3 g6 5. Bg2 Bg7 6. O-O Nge7 7. d3 h6 8. a3 a5 9. Bd2 O-O 10. Nd5 d6 11. Rb1 Nxd5 12. cxd5 Ne7 13. e4 Bd7 14. b4 cxb4 15. axb4 Bb5 16. Qc2 a4 17. Rfc1 Rc8 18. Qb2 Bxd3 19. Rxc8 Nxc8 20. Re1 b5 21. Bc3 Nb6 22. Nd2 Qc7 23. f4 Rc8 24. Rc1 exf4 0-1


[Site "https://www.chess.com"]

[Event "Titled Tuesday Blitz February 22 Early 2022"]
[White "Barrientos, Sergio E"]
[Black "Sarkar, Justin"]
[WhiteFideId "4401824"]
[BlackFideId "2010011"]
[WhiteElo "2441"]
[BlackElo "2038"]
[Result "1-0"]
[Round "01"]
[TimeControl "180+1"]
[Date "2022.02.22"]
[WhiteClock "0:00:35"]
[BlackClock "0:00:01"]

1. d4 Nf6 2. c4 e6 3. Nf3 d5 4. Nc3 Be7 5. Bf4 O-O 6. e3 b6 7. cxd5 Nxd5 8. Bg3 Bb7 9. Bd3 Nd7 10. O-O c5 11. Rc1 cxd4 12. Nxd4 Nxc3 13. Rxc3 Nc5 14. Bc2 Ne4 15. Bc7 Qd5 16. Bxe4 Qxe4 17. f3 Qg6 18. Bg3 Rac8 19. Qa4 Rxc3 20. bxc3 Qd3 21. Qxa7 Ba6 22. Re1 Bc5 23. h4 Bc4 24. Kh2 Qxc3 25. Nc6 Bxe3 26. Qc7 Bd2 27. Ne7+ Kh8 28. Re4 Bd5 29. Nxd5 exd5 30. Qxf7 Qf6 31. Qxd5 Ba5 32. Rf4 1-0


[Site "https://www.chess.com"]

[Event "Titled Tuesday Blitz February 22 Early 2022"]
[White "Batsiashvili, Nino"]
[Black "Tari, Aryan"]
[WhiteFideId "13602993"]
[BlackFideId "1510045"]
[WhiteElo "2230"]
[BlackElo "2567"]
[Result "0-1"]
[Round "01"]
[TimeControl "180+1"]
[Date "2022.02.22"]
[WhiteClock "0:00:02"]
[BlackClock "0:00:23"]

1. d4 d5 2. c4 e6 3. Nf3 Nf6 4. Nc3 c5 5. cxd5 exd5 6. Bg5 Be6 7. e4 dxe4 8. Bxf6 Qxf6 9. Nxe4 Qf4 10. Bb5+ Nc6 11. Bxc6+ bxc6 12. Qc2 Bd5 13. Nxc5 Bxf3 14. gxf3 Qxf3 15. O-O Qg4+ 16. Kh1 Qf3+ 17. Kg1 O-O-O 18. Ne4 Qg4+ 19. Kh1 Qf3+ 20. Kg1 Rd6 21. Nxd6+ Bxd6 22. Qc3 Qd5 23. Rac1 Kc7 24. f4 Re8 25. Qc4 Qe4 26. Rce1 Qg6+ 27. Kh1 Rb8 28. Rc1 Qe4+ 29. Kg1 Rxb2 30. Qxf7+ Kb6 31. Qxg7 Bxf4 32. Rxf4 Qe3+ 33. Kh1 Qxc1+ 34. Qg1 Qxf4 35. d5+ Qf2 0-1


[Site "https://www.chess.com"]

[Event "Titled Tuesday Blitz February 22 Early 2022"]
[White "Bazarov, Konstantin"]
[Black "Escudero Donoso, Felipe"]
[WhiteFideId "4137000"]
[BlackFideId "3410595"]
[WhiteElo "2079"]
[BlackElo "2184"]
[Result "1-0"]
[Round "01"]
[TimeControl "180+1"]
[Date "2022.02.22"]
[WhiteClock "0:00:29"]
[BlackClock "0:00:01"]

1. Nf3 c5 2. c3 d5 3. d3 Nf6 4. Nbd2 Nc6 5. e4 e6 6. Be2 Be7 7. O-O O-O 8. a3 b6 9. b4 a6 10. Rb1 Rb8 11. Re1 d4 12. cxd4 cxd4 13. Bb2 e5 14. Nc4 Qc7 15. Rc1 Nd7 16. Ncxe5 Ndxe5 17. Nxe5 Qxe5 18. Rxc6 Bd7 19. Rc4 Qe6 20. Bxd4 Bb5 21. Rc1 Rfd8 22. Bb2 a5 23. bxa5 bxa5 24. Qd2 Ba6 25. Qc3 Bf6 26. e5 Bg5 27. Rcd1 Rdc8 28. Qd4 Rd8 29. Qc3 Rdc8 30. Qxa5 Rxb2 31. Bf3 Qb6 32. Qxb6 Rxb6 33. d4 Rb2 34. Be4 Bb7 35. d5 Bf4 36. Bf3 Rcc2 37. Rf1 Bxe5 38. d6 Rd2 39. d7 Bf6 40. Bxb7 Rxd1 41. Rxd1 Bd8 42. Bc6 Kf8 43. a4 Ke7 44. g3 Bb6 45. Rf1 Kd8 46. Bb5 Ra2 47. Kg2 1-0


[Site "https://www.chess.com"]

[Event "Titled Tuesday Blitz February 22 Early 2022"]
[White "Begunov, Konstantin"]
[Black "Blohberger, Felix"]
[WhiteFideId "4118510"]
[BlackFideId "1632051"]
[WhiteElo "2262"]
[BlackElo "2474"]
[Result "1-0"]
[Round "01"]
[TimeControl "180+1"]
[Date "2022.02.22"]
[WhiteClock "0:00:13"]
[BlackClock "0:00:01"]

1. d4 Nf6 2. c4 c6 3. Nc3 d5 4. cxd5 cxd5 5. Bf4 Nc6 6. e3 a6 7. Nf3 Bg4 8. h3 Bxf3 9. Qxf3 e6 10. Bd3 Bd6 11. Bg5 h6 12. Bh4 O-O 13. O-O Rc8 14. Rfc1 g5 15. Bg3 Kg7 16. Bxd6 Qxd6 17. Na4 e5 18. dxe5 Nxe5 19. Qf5 Rxc1+ 20. Rxc1 d4 21. exd4 Qxd4 22. Bf1 Ng6 23. Nc3 Re8 24. Rd1 Qb4 25. Qc2 h5 26. a3 Qc5 27. Qd3 Nf4 28. Qf3 b5 29. g3 Ng6 30. Nd5 Ne4 31. Ne3 Re5 32. Rd7 Nf6 33. Rd8 h4 34. Bd3 hxg3 35. Nf5+ Kh7 36. Nxg3 Qc1+ 37. Kh2 Qf4 38. Qxf4 gxf4 39. Nf5 Rc5 40. Nh4 Kg7 41. Nxg6 fxg6 42. Ra8 Rc6 43. Kg2 g5 44. Kf3 Rd6 45. Bc2 Nd7 46. Ra7 Kf6 47. b4 Rd4 48. Be4 Ne5+ 49. Kg2 Rxe4 50. Rxa6+ Kf5 51. Rb6 Re2 52. Rxb5 1-0


[Site "https://www.chess.com"]

[Event "Titled Tuesday Blitz February 22 Early 2022"]
[White "Bilan, Danila"]
[Black "Safarli, Eltaj"]
[WhiteFideId "24161918"]
[BlackFideId "13402129"]
[WhiteElo "2164"]
[BlackElo "2634"]
[Result "0-1"]
[Round "01"]
[TimeControl "180+1"]
[Date "2022.02.22"]
[WhiteClock "0:00:03"]
[BlackClock "0:01:24"]

1. d4 Nf6 2. Nf3 g6 3. Bg5 Bg7 4. c3 O-O 5. Nbd2 d6 6. e4 c5 7. dxc5 dxc5 8. Be2 Nc6 9. O-O h6 10. Bh4 Nh5 11. Re1 Qc7 12. Qc2 b6 13. a4 Bg4 14. Nf1 Nf4 15. Ne3 Be6 16. Bc4 Qc8 17. Bg3 Nh5 18. Rad1 Bxc4 19. Nxc4 Qe6 20. Ne3 Rad8 21. Nd5 Qc8 22. Qb3 e6 23. Ne3 Nxg3 24. hxg3 Na5 25. Qb5 Qb7 26. Nc4 Nxc4 27. Qxc4 Qc6 28. Nh2 h5 29. Nf3 Bf6 30. Nh2 Kg7 31. Nf1 Bg5 32. f4 Bh6 33. e5 Rd7 34. Ne3 Rfd8 35. Rxd7 Rxd7 36. Rd1 Rxd1+ 37. Nxd1 Qd7 38. Nf2 Qd2 39. Ne4 Qxb2 40. Nf6 h4 41. Kh2 Qf2 42. Qd3 hxg3+ 43. Qxg3 Qxg3+ 44. Kxg3 g5 45. fxg5 Bxg5 46. Ne8+ Kf8 47. Nc7 Bd2 48. c4 Ke7 49. Kf3 Kd7 50. Nb5 a6 51. Nd6 f5 52. g4 Bc3 53. Kf4 fxg4 54. Nf7 Ke7 55. Ng5 g3 56. Kxg3 Bxe5+ 57. Kf3 Bd4 58. Ke4 Kf6 59. Nf3 e5 60. Nd2 Ke6 61. Nf3 Kd6 62. Ng5 Kc6 63. Nf7 b5 64. axb5+ axb5 65. cxb5+ Kxb5 66. Nd6+ Kb4 67. Kd3 Bg1 68. Nf7 c4+ 69. Kc2 Bd4 70. Nd6 Kc5 71. Ne4+ Kd5 72. Nf6+ Ke6 73. Ne4 Kd5 74. Nf6+ Kc6 75. Ne4 Bc5 76. Kc3 Kb5 77. Nf6 Bb4+ 78. Kc2 Kc5 79. Nd7+ Kd4 80. Nb6 e4 81. Nd7 e3 82. Kd1 Bd6 83. Nb6 Kd3 84. Na4 e2+ 85. Ke1 Bg3# 0-1


[Site "https://www.chess.com"]

[Event "Titled Tuesday Blitz February 22 Early 2022"]
[White "Bintang, Rasyid A. Hidayat"]
[Black "Samunenkov, Ihor"]
[WhiteFideId "7105355"]
[BlackFideId "14187086"]
[WhiteElo "2362"]
[BlackElo "2406"]
[Result "0-1"]
[Round "01"]
[TimeControl "180+1"]
[Date "2022.02.22"]
[WhiteClock "0:01:35"]
[BlackClock "0:01:23"]

1. d4 Nf6 2. Bf4 c5 3. e3 Nd5 4. Bg3 Qb6 5. Nc3 Nxc3 6. bxc3 d6 7. Nf3 g6 8. Bd3 Bg7 9. O-O O-O 10. Rb1 Qc7 11. Qe2 Nd7 12. e4 e5 13. d5 h6 14. h4 f5 15. Nd2 f4 16. Bh2 Nf6 17. f3 Nh5 18. Nc4 Qe7 19. Qf2 Bf6 20. g4 fxg3 21. Bxg3 Kh7 22. Kg2 Nxg3 23. Qxg3 Bxh4 24. Qf2 Bxf2 0-1


[Site "https://www.chess.com"]

[Event "Titled Tuesday Blitz February 22 Early 2022"]
[White "Bortnyk, Olexandr"]
[Black "Grunberg, Mihai-Lucian"]
[WhiteFideId "14120828"]
[BlackFideId "1204149"]
[WhiteElo "2723"]
[BlackElo "2364"]
[Result "1-0"]
[Round "01"]
[TimeControl "180+1"]
[Date "2022.02.22"]
[WhiteClock "0:00:06"]
[BlackClock "0:00:05"]

1. e4 Nf6 2. e5 Nd5 3. d4 d6 4. c4 Nb6 5. f4 dxe5 6. fxe5 c5 7. d5 g6 8. Nf3 Bg4 9. Bd3 Bg7 10. Qe2 Bxf3 11. gxf3 e6 12. d6 Qh4+ 13. Kd1 Nc6 14. f4 Nd4 15. Qg2 Qh5+ 16. Be2 Nxe2 17. Qxe2 Qxe2+ 18. Kxe2 Nxc4 19. Nc3 O-O 20. Rd1 f6 21. b3 Nb6 22. Nb5 fxe5 23. Nc7 exf4 24. Nxa8 f3+ 25. Kf1 Rxa8 26. Rb1 e5 27. Bg5 Nd7 28. Be7 Kf7 29. Kf2 e4 30. Ke3 Bd4+ 31. Kxe4 f2 32. Rf1 Ke6 33. Rbd1 Re8 34. Rxd4 cxd4 35. Kxd4 Ne5 36. Rxf2 Nc6+ 37. Kc5 Nxe7 38. Re2+ Kd7 39. dxe7 Rxe7 40. Rd2+ Kc7 41. Rf2 b6+ 42. Kd5 Kd7 43. b4 h5 44. h4 Re3 45. Rf7+ Kc8 46. Rxa7 Rh3 47. Kc6 Kb8 48. Rg7 Rxh4 49. b5 Ra4 50. Kxb6 Kc8 51. Kc6 Kd8 52. b6 Rxa2 53. b7 Rc2+ 54. Kd6 Rb2 55. Rg8# 1-0


[Site "https://www.chess.com"]

[Event "Titled Tuesday Blitz February 22 Early 2022"]
[White "Butti, Enrique"]
[Black "Shuvalov, Evgenij"]
[WhiteFideId "3700470"]
[BlackFideId "4187237"]
[WhiteElo "2080"]
[BlackElo "2119"]
[Result "0-1"]
[Round "01"]
[TimeControl "180+1"]
[Date "2022.02.22"]
[WhiteClock "0:01:23"]
[BlackClock "0:01:08"]

1. d4 Nf6 2. Nf3 g6 3. c4 Bg7 4. Nc3 d5 5. Bg5 Ne4 6. cxd5 Nxg5 7. Nxg5 e6 8. Qd2 exd5 9. Qe3+ Kf8 10. Qf4 Bf6 11. h4 h6 12. Nf3 Kg7 13. e4 dxe4 14. Nxe4 Re8 15. O-O-O Bf5 16. Ng3 Qd5 17. Nxf5+ Qxf5 18. Qxf5 gxf5 19. Bd3 f4 20. Rhe1 Nc6 21. Be4 Rad8 22. Bxc6 bxc6 23. Rxe8 Rxe8 24. Kd2 c5 25. dxc5 Bxb2 26. Rb1 Ba3 27. Rb7 Bxc5 28. Rxc7 Bxf2 0-1


[Site "https://www.chess.com"]

[Event "Titled Tuesday Blitz February 22 Early 2022"]
[White "Caputcuoglu, Zeki Berke"]
[Black "Csonka, Balazs"]
[WhiteFideId "34548610"]
[BlackFideId "742910"]
[WhiteElo "1368"]
[BlackElo "2404"]
[Result "1-0"]
[Round "01"]
[TimeControl "180+1"]
[Date "2022.02.22"]
[WhiteClock "0:00:37"]
[BlackClock "0:00:06"]

1. e4 c5 2. Nf3 d6 3. d4 cxd4 4. Nxd4 Nf6 5. Nc3 a6 6. f3 e5 7. Nb3 Be6 8. Be3 h5 9. Nd5 Bxd5 10. exd5 Nbd7 11. Be2 Rc8 12. c4 g6 13. O-O Bg7 14. Rc1 b6 15. h3 a5 16. f4 Ne4 17. f5 O-O 18. fxg6 fxg6 19. Rxf8+ Nxf8 20. Bd3 Nc5 21. Nxc5 bxc5 22. Qf3 Rc7 23. Rf1 Qe8 24. Bc2 Rb7 25. b3 Re7 26. Be4 a4 27. g4 hxg4 28. Qxg4 axb3 29. axb3 Rf7 30. Re1 Rf6 31. Bg5 Rf7 32. Rf1 Rxf1+ 33. Kxf1 Qe7 34. Bxe7 1-0


[Site "https://www.chess.com"]